 Dungeon Crawl Stone Soup version 0.32-a0-918-g0f22ef8d61 (console) character file.

Game seed: 16575492468192027177

507652 Lysca the Skinwalker (level 25, -15/265 HPs)
             Began as a Merfolk Alchemist on Apr 11, 2024.
             Was the Champion of Cheibriados.
             Demolished by a phantasmal warrior (21 damage)
             ... while paralysed by a sphinx
             ... on level 5 of the Vaults on Apr 12, 2024.
             The game lasted 06:36:33 (54767 turns).

Lysca the Skinwalker (Merfolk Alchemist)           Turns: 54767, Time: 06:36:33

Health: -15/265    AC: 36    Str: 25    XL:     25   Next: 3%
Magic:  39/56      EV:  2    Int: 45    God:    Cheibriados [******]
Gold:   4970       SH:  0    Dex: 38    Spells: 17/64 levels left

rFire   + + .        D - +11 Screaming Sword {sonic wave}
rCold   + . .        (no shield)
rNeg    + . .        c - melded +12 ice dragon scales of Articulation {rF- rC++ Int+6}
rPois   ∞            r - +1 helmet {SInv}
rElec   +            F - scarf {rC+ rF+}
rCorr   +            L - melded +0 pair of gloves "Ruteym" {rElec rC+ Dex+2}
SInv    +            Z - melded +0 pair of boots {Stlth+}
Will    .....        i - amulet "Voleg" {rF+ RegenMP+ Int+3 Slay+2}
Stlth   +++          t - ring "Temudef" {Fly rCorr Int+5 Dex+6}
HPRegen 0.64/turn    M - ring of magical power
MPRegen 0.75/turn

%: no passive effects
@: paralysed, statue-form, weak-willed, flying, studying Armour, very slow
A: slow and powerful, torment resistance 1, boosted hp, (nimble swimmer 2),
mertail
}: 3/15 runes: decaying, slimy, gossamer
a: Begin Untransformation, Renounce Religion, Bend Time, Temporal Distortion,
Slouch, Step From Time


You were on level 5 of the Vaults.
You worshipped Cheibriados.
Cheibriados was exalted by your worship.
You were a living statue of rough stone.
You visited 8 branches of the dungeon, and saw 43 of its levels.
You visited the Abyss 2 times.
You also visited: Bailey, Ice Cave and Wizlab.

You collected 6501 gold pieces.
You spent 1531 gold pieces at shops.

Inventory:

Hand Weapons
 D - the +11 Screaming Sword (weapon) {sonic wave}
   (You found it on level 6 of the Dungeon)
Armour
 c - the +12 ice dragon scales of Articulation (melded) {rF- rC++ Int+6}
   (You found it on level 1 of the Vaults)

   Int+6:     It affects your intelligence (+6).
   rF-:       It makes you vulnerable to fire.
   rC++:      It greatly protects you from cold.
 r - a +1 helmet of see invisible (worn)
 F - a scarf of resistance (worn)
 L - the +0 pair of gloves "Ruteym" (melded) {rElec rC+ Dex+2}
   (You found it in a bailey)

   Dex+2:     It affects your dexterity (+2).
   rC+:       It protects you from cold.
   rElec:     It insulates you from electricity.
 Z - a +0 pair of boots of stealth (melded)
Magical Staves
 d - a staff of cold
 J - the staff of Zumaom {rN+ Int+3 Summ Earth}
   (You found it on level 5 of the Pits of Slime)

   [staff of earth]

   Base accuracy: +5 Base damage: 5 Base attack delay: 1.2 This weapon's minimum
   attack delay (0.6) is reached at skill level 12.
   Int+3:     It affects your intelligence (+3).
   rN+:       It protects you from negative energy.
   Summ:      It increases the power of your Summonings spells.
   Earth:     It increases the power of your Earth spells.
   It falls into the 'Staves' category.
   It is a one-handed weapon.
 T - a staff of air
 U - a staff of alchemy
Jewellery
 a - a ring of protection from fire
 i - the amulet "Voleg" (around neck) {rF+ RegenMP+ Int+3 Slay+2}
   (You acquired it on level 12 of the Dungeon)

   [amulet of magic regeneration]

   It increases your rate of magic regeneration.
   Int+3:     It affects your intelligence (+3).
   Slay+2:    It affects your accuracy & damage with ranged weapons and melee
   (+2).
   rF+:       It protects you from fire.
   RegenMP+:  It increases your rate of magic regeneration.
 s - a ring of resist corrosion
 t - the ring "Temudef" (left fist) {Fly rCorr Int+5 Dex+6}
   (You found it on level 4 of the Vaults)

   [ring of dexterity]

   Int+5:     It affects your intelligence (+5).
   Dex+6:     It affects your dexterity (+6).
   Fly:       It grants you flight.
   rCorr:     It protects you from acid and corrosion.
 I - the amulet "Cawkaar" {Acrobat Str+3 Slay+4}
   (You found it in a bailey)

   [amulet of the acrobat]

   Acrobat:   It increases your evasion while moving and waiting.
   Str+3:     It affects your strength (+3).
   Slay+4:    It affects your accuracy & damage with ranged weapons and melee
   (+4).
 M - a ring of magical power (right fist)
 X - the ring of Nuhazim {Fly rC++}
   (You found it in a wizard's laboratory)

   [ring of flight]

   rC++:      It greatly protects you from cold.
   Fly:       It grants you flight.
Talismans
 y - a granite talisman (active)
 V - a dragon-blood talisman
Wands
 k - a wand of light (3)
 v - a wand of iceblast (36)
 A - a wand of flame (12)
 E - a wand of polymorph (4)
 R - a wand of digging (6)
Scrolls
 e - 4 scrolls of immolation
 g - 7 scrolls of blinking
 l - 3 scrolls of teleportation
 n - 2 scrolls of revelation
 w - a scroll of enchant armour
 x - 2 scrolls of enchant weapon
 z - 6 scrolls of fog
 G - 8 scrolls of poison
 K - a scroll of summoning
 Q - 7 scrolls of silence
 Y - a scroll of fear
Potions
 b - 2 potions of magic
 f - 2 potions of brilliance
 h - 5 potions of enlightenment
 j - 2 potions of heal wounds
 m - 2 potions of cancellation
 o - 4 potions of lignification
 p - 4 potions of curing
 q - 9 potions of resistance
 u - 4 potions of invisibility
 O - a potion of berserk rage
 P - 12 potions of mutation
 S - 3 potions of ambrosia
 W - 7 potions of might
Miscellaneous
 B - a phantom mirror
 C - a lightning rod (4/4)
 H - a Gell's gravitambourine (2/2)


   Skills:
 - Level 18.0 Fighting
 - Level 16.0 Long Blades
 - Level 7.0 Armour
 - Level 2.6 Dodging
 - Level 2.1 Stealth
 - Level 20.0 Spellcasting
 - Level 5.0 Conjurations
 - Level 19.0 Summonings
 - Level 4.0 Fire Magic
 - Level 10.0 Ice Magic
 - Level 6.0 Air Magic
 - Level 16.0 Alchemy
 - Level 14.0 Invocations
 * Level 21.6 Shapeshifting


You had 17 spell levels left.
You knew the following spells:

 Your Spells              Type           Power      Damage    Failure   Level
a - Sting                 Conj/Alch      100%       1d9       0%          1
b - Olgreb's Toxic Radia  Alch           100%       N/A       0%          4
c - Ignite Poison         Fire/Alch      94%        N/A       1%          4
d - Mercury Vapours       Alch/Air       100%       N/A       0%          2
e - Sticky Flame          Fire/Alch      94%        2d14      1%          4
f - Eringya's Noxious Bo  Alch           56%        4d6       1%          6
g - Freezing Cloud        Conj/Ice/Air   41%        6-21      1%          5
h - Alistair's Intoxicat  Alch           74%        N/A       1%          5
i - Summon Forest         Summ/Tloc      46%        N/A       1%          5
j - Summon Horrible Thin  Summ           60%        N/A       1%          8
o - Ozocubu's Armour      Ice            94%        N/A       1%          3

Your spell library contained the following spells:

 Spells                   Type           Power      Damage    Failure   Level
 Summon Small Mammal      Summ           100%       N/A       0%          1
 Call Imp                 Summ           100%       N/A       0%          2
 Call Canine Familiar     Summ           100%       N/A       0%          3
 Summon Ice Beast         Ice/Summ       100%       N/A       0%          3
 Magic Dart               Conj           100%       1d8       1%          1
 Necrotise                Necr           100%       1d9       1%          1
 Shock                    Conj/Air       100%       1d9       1%          1
 Slow                     Hex            100%       N/A       1%          1
 Blink                    Tloc           90%        N/A       1%          2
 Cigotuvi's Dreadful Rot  Necr/Alch/Air  100%       N/A       1%          2
 Ensorcelled Hibernation  Hex/Ice        100%       N/A       1%          2
 Lesser Beckoning         Tloc           90%        N/A       1%          2
 Confusing Touch          Hex            45%        N/A       1%          3
 Frozen Ramparts          Ice            100%       1d16      1%          3
 Fugue of the Fallen      Necr           45%        N/A       1%          3
 Hailstorm                Conj/Ice       85%        3d14      1%          3
 Inner Flame              Hex/Fire       58%        N/A       1%          3
 Maxwell's Portable Pile  Tloc           45%        2d(9-27)  1%          3
 Mephitic Cloud           Conj/Alch/Air  90%        N/A       1%          3
 Passwall                 Erth           45%        N/A       1%          3
 Sigil of Binding         Hex            45%        N/A       1%          3
 Stone Arrow              Conj/Erth      100%       3d13      1%          3
 Swiftness                Air            78%        N/A       1%          3
 Teleport Other           Tloc           45%        N/A       1%          3
 Tukima's Dance           Hex            45%        N/A       1%          3
 Vampiric Draining        Necr           45%        2d9       1%          3
 Volatile Blastmotes      Fire/Tloc      100%       2d18      1%          3
 Animate Armour           Summ/Erth      100%       N/A       1%          4
 Flame Wave               Conj/Fire      71%        2d16      1%          4
 Fulminant Prism          Conj/Alch      48%        3d21      1%          4
 Iskenderun's Mystic Bla  Conj/Tloc      61%        2d13      (+2d71%     4
 Leda's Liquefaction      Alch/Erth      43%        N/A       1%          4
 Martyr's Knell           Necr/Summ      92%        N/A       1%          4
 Petrify                  Alch/Erth      86%        N/A       1%          4
 Summon Blazeheart Golem  Fire/Summ      99%        N/A       1%          4
 Vhi's Electric Charge    Tloc/Air       100%       N/A       1%          4
 Arcjolt                  Conj/Air       38%        1d48      1%          5
 Irradiate                Conj/Alch      48%        3d27      1%          5
 Iskenderun's Battlesphe  Conj           74%        2d12      1%          5
 Metabolic Englaciation   Hex/Ice        37%        N/A       1%          5
 Summon Mana Viper        Hex/Summ       92%        N/A       1%          5
 Sculpt Simulacrum        Ice/Alch       52%        N/A       1%          6
 Summon Cactus Giant      Summ           60%        N/A       1%          6
 Monstrous Menagerie      Summ           60%        N/A       1%          7
 Spellforged Servitor     Conj/Summ      50%        N/A       2%          7
 Silence                  Hex/Air        32%        N/A       3%          5
 Anguish                  Hex/Necr       22%        N/A       4%          4
 Cause Fear               Hex            22%        N/A       4%          4
 Dimensional Bullseye     Hex/Tloc       22%        N/A       4%          4
 Passage of Golubria      Tloc           45%        N/A       4%          4
 Conjure Ball Lightning   Conj/Air       38%        3x3d12    7%          6
 Haunt                    Necr/Summ      46%        N/A       8%          7
 Malign Gateway           Summ/Tloc      46%        N/A       8%          7
 Plasma Beam              Fire/Air       37%        2x1d50    9%          6
 Borgnjor's Vile Clutch   Necr/Erth      22%        N/A       12%         5
 Curse of Agony           Necr           45%        N/A       12%         5
 Bombard                  Conj/Erth      30%        9d5       24%         6
 Death Channel            Necr           22%        N/A       56%         6
 Dispersal                Tloc           22%        N/A       56%         6
 Gell's Gavotte           Tloc           22%        2d(21-31) 56%         6
 Maxwell's Capacitive Co  Air            39%        ∞         94%         8
 Enfeeble                 Hex            22%        N/A       98%         7
 Manifold Assault         Tloc           22%        N/A       98%         7
 Ignition                 Fire           34%        3d11      99%         8
 Borgnjor's Revivificati  Necr           22%        N/A       100%        8
 Disjunction              Tloc           22%        N/A       100%        8
 Chain Lightning          Conj/Air       38%        3d50      100%        9
 Death's Door             Necr           22%        N/A       100%        9
 Fire Storm               Conj/Fire      35%        8d9       100%        9
 Sublimation of Blood     Necr           Unusable   N/A       N/A         2

Dungeon Overview and Level Annotations

Branches:
Dungeon (15/15)            Temple (0/1) D:4            Lair (5/5) D:11
  Swamp (4/4) Lair:2       Spider (4/4) Lair:2        Slime (5/5) Lair:4
    Orc (2/2) D:9             Elf (3/3) Orc:2        Vaults (5/5) D:13
  Crypt (0/3) Vaults:2     Depths (0/4) D:15         Bailey (visited)
  IceCv (visited)          WizLab (visited)

Altars:
Cheibriados
Fedhas
Gozag
Makhleb
Nemelex Xobeh
Okawaru
Trog
Uskayaw
Vehumet
Xom

Shops:
D:5 :   Orc:2 [*(=   Elf:1 ?   Vaults:1 :

Portals:
Hell: Lair:5
Abyss: D:10

Annotations:
D:13 Haduh's ghost, journeyman FeSh
Vaults:5 Margery


Innate Abilities, Weirdness & Mutations

You are a living statue of rough stone.
Your actions are slow, but your melee attacks are powerful.
You are resistant to unholy torment.
Your maximum health is greatly increased.
Your equipment is partially melded.
You are immune to poison.
((You are very nimble when in or above water. (Stealth+, EV+, Speed+++)))
Your lower body shifts to a powerful aquatic tail in water.


Message History

The vault warden shoots a sling bullet.
The sling bullet hits you!!
* * * LOW HITPOINT WARNING * * *
The sphinx casts a spell.
You suddenly lose the ability to move!
A titan comes into view.
The ironbound convoker casts a spell at the war gargoyle.
The war gargoyle seems to grow stronger.
The phantasmal warrior hits you!
* * * LOW HITPOINT WARNING * * *
Your willpower is stripped away!
The vault warden is empowered by the deep elf high priest's aura!
The titan is empowered by the deep elf high priest's aura!
The tengu reaver is empowered by the deep elf high priest's aura!
A war gargoyle comes into view. It is wielding a +0 morningstar.
The phantasmal warrior hits you but does no damage. x2
The deep elf high priest hits you but does no damage.
The ironbound convoker hits you but does no damage.
The ironbound convoker points at the war gargoyle and mumbles some strange words.
The war gargoyle seems to grow stronger.
The phantasmal warrior hits you but does no damage.
The tengu reaver hits you but does no damage.
The tengu reaver pecks you but does no damage.
The tengu reaver claws you but does no damage.
A vault warden comes into view.
It is wielding a +0 flail of holy wrath.
The deep elf high priest hits you with the +9 battleaxe "Lazah"!!
* * * LOW HITPOINT WARNING * * *
The phantasmal warrior hits you but does no damage.
The war gargoyle launches metal splinters at you.
The spray of metal splinters hits you!!
* * * LOW HITPOINT WARNING * * *
The vault warden shouts!
The sphinx is recalled.
The titan is recalled.
The deep troll earth mage is recalled.
A sphinx comes into view.
The ironbound convoker points at the deep elf high priest and mumbles some strange words.
The deep elf high priest seems to grow stronger.
A deep troll earth mage comes into view.
The phantasmal warrior hits you but does no damage.
The phantasmal warrior hits you!!
You die...
Cheibriados appreciates the motionlessness of death.

,#..p. ##
.#.... ###..
.....? ##../..
...p.$##....C..
#...φ9).......
#....p.H.p....
#..9.We......
#..WIpsCH...
###Q...T.###
.........p.
............C
##############


You could see 2 titans, 2 sphinxes, a stone giant, 3 vault wardens, a tengu
reaver (empowered, repels missiles), 2 war gargoyles, a deep elf high priest
(strong, brilliance aura), 2 phantasmal warriors, 3 ironbound convokers, a deep
troll earth mage and a jumping spider shaped shifter.

Vanquished Creatures
  Dissolution (Slime:3)
  the Royal Jelly (Slime:5)
  Mennas (Vaults:3)
  Saint Roka (Elf:2)
  Bai Suzhen (Vaults:5)
  Norris (Vaults:1)
  Arachne (Spider:2)
  A mutant beast (WizLab)
  2 hellephants
  Jorgrun (D:13)
  Zenata (Vaults:1)
  Mlioglotl (Spider:1)
  2 tentacled monstrosities (Vaults:5)
  A lich (Abyss:3)
  A titan (Vaults:5)
  29 acid blobs
  3 deep elf blademasters
  Asterion (Spider:2)
  3 sphinxes
  3 tentacled starspawn (Abyss:3)
  A tengu reaver (Vaults:5)
  Roxanne (D:15)
  2 storm dragons
  13 azure jellies
  A daeva (Abyss:3)
  3 fenstrider witches
  10 rockslimes
  2 frost giants
  4 deep elf sorcerers
  5 emperor scorpions
  10 vault wardens
  2 deep elf elementalists (Elf:3)
  4 ghost moths
  The ghost of jejorda2 the Spear-Bearer, a journeyman GnBe of Trog (D:13)
  2 orc warlords
  Louise (Swamp:4)
  2 stone giants
  16 ironbound preservers
  2 formless jellyfish
  8 very ugly things
  A broodmother (Spider:4)
  25 quicksilver oozes
  14 ironbound thunderhulks
  The ghost of Ithuta Obua the Bludgeoner, a journeyman MiBe of Trog (D:13)
  5 deep elf demonologists
  10 deep elf annihilators
  6 bunyips
  14 dire elephants
  An eleionoma (Swamp:3)
  9 starcursed masses (Abyss:3)
  8 deep elf death magi
  5 spark wasps
  The ghost of Kudolal the Severer, a journeyman MiMo of Zin (D:13)
  The ghost of sdfx the Dealer of Despair, a journeyman MDRe of Kikubaaqudgha (D:13)
  An eidolon (Abyss:3)
  The ghost of Heh the Carver, a journeyman CoGl of Beogh (Orc:1)
  2 ettins
  A merfolk javelineer (Orc:1)
  13 yaktaur captains
  7 entropy weavers
  The ghost of Dehoisae the Skirmisher, a journeyman CoHu of Hepliaklqana (D:13)
  A merfolk impaler (Orc:1)
  6 great orbs of eyes
  The ghost of Pokonic1 the Fighter, a novice OnWr of Makhleb (D:6)
  The ghost of DimondSprtn the Skirmisher, a journeyman CoHu of Okawaru (D:10)
  3 ghost crabs
  31 vault guards
  2 ogre magi
  A jorogumo (Spider:3)
  12 hydras
  5 alligators
  2 catoblepae
  9 radroaches
  6 ironbound frosthearts
  2 boulder beetles
  2 peacekeepers
  3 ice dragons (Swamp:4)
  18 dancing weapons
  21 centaur warriors
  A sphinx skeleton (Vaults:1)
  A tengu warrior (Orc:1)
  A death yak (Lair:4)
  A deep troll shaman (Vaults:5)
  11 two-headed ogres
  The ghost of Vauhadiu the Basher, a novice FoFi of Okawaru (D:13)
  An occultist (D:10)
  2 deep troll earth magi
  7 hell hogs (Abyss:3)
  6 orc high priests
  A naga warrior (Abyss:3)
  A thrashing horror (D:10)
  3 demonic crawlers
  3 hell knights
  A shock serpent (shapeshifter) (WizLab)
  3 fire crabs
  4 skysharks
  3 shock serpents (Elf:2)
  2 wretched stars (Abyss:3)
  A sixfirhy (Lair:5)
  16 deep elf knights
  3 swamp dragons (Swamp:3)
  10 deep elf archers
  A skyshark (shapeshifter) (WizLab)
  2 death drakes (Elf:2)
  A swamp dragon (shapeshifter) (WizLab)
  A death drake (shapeshifter) (Elf:1)
  29 deep trolls
  2 flayed ghosts
  4 spriggan druids
  4 glowing orange brains
  2 sea snakes (Elf:2)
  A skeletal warrior (D:10)
  7 goliath frogs
  6 steelbarb worms
  7 arcanists
  2 glowing orange brains (shapeshifter) (WizLab)
  2 mana vipers (Elf:2)
  The ghost of justen the Shield-Bearer, a novice MiFi of Wu Jian (D:7)
  4 pharaoh ants
  2 bog bodies
  3 sun moths
  10 large abominations
  3 orb spiders
  11 ironbound convokers
  12 orc knights
  A harpy (shapeshifter) (WizLab)
  11 lindwurms
  A thermic dynamo (Elf:1)
  3 obsidian bats
  2 phantasmal warriors
  A lightning spire (Elf:2)
  3 shining eyes
  44 ugly things
  40 deep elf pyromancers
  29 wolf spiders
  6 cyclopes
  5 worldbinders
  A necromancer (Vaults:1)
  20 deep elf zephyrmancers
  3 orc sorcerers (Orc:2)
  A manticore (shapeshifter) (WizLab)
  4 oklob plants (Lair:1)
  5 will-o-the-wisps
  A faun (shapeshifter) (WizLab)
  A shining eye (shapeshifter) (Elf:1)
  A cyclops (shapeshifter) (WizLab)
  2 elephants (shapeshifter)
  A meliai (shapeshifter) (WizLab)
  2 moths of wrath
  8 manticores
  4 elephants (Lair:4)
  An ice statue (IceCv)
  4 water nymphs (shapeshifter) (WizLab)
  A kobold blastminer (Orc:2)
  9 vault sentinels
  2 molten gargoyles (Elf:2)
  A naga mage (Abyss:3)
  4 orange demons (Lair:5)
  3 gargoyles
  A guardian serpent (Abyss:3)
  6 smoke demons
  7 black mambas
  3 toenail golems (D:10)
  10 cane toads
  An apocalypse crab (Abyss:3)
  3 eyes of devastation
  A hellion (Abyss:3)
  A torpor snail (shapeshifter) (WizLab)
  5 torpor snails
  7 rime drakes
  An ice devil (Lair:5)
  An efreet (D:15)
  2 kobold demonologists
  4 freezing wraiths (Swamp:4)
  15 komodo dragons
  A tengu conjurer (D:14)
  A human skeleton (Vaults:1)
  22 yaktaurs
  3 ancient zymes (Abyss:3)
  A troll (shapeshifter) (D:13)
  A merfolk (shapeshifter) (Vaults:5)
  A queen bee (D:6)
  4 trolls
  A red devil (Lair:5)
  5 polar bears
  A hornet (shapeshifter) (Elf:1)
  14 tyrant leeches
  17 hornets
  6 raiju
  A polar bear (shapeshifter) (Elf:1)
  3 blink frogs (Lair:3)
  A tarantella (shapeshifter) (WizLab)
  A blink frog (shapeshifter) (Elf:1)
  3 glass eyes (WizLab)
  16 dream sheep
  23 tarantellas
  29 jumping spiders
  2 dream sheep (shapeshifter) (WizLab)
  A glass eye (shapeshifter) (WizLab)
  116 slime creatures
  A shadow (D:11)
  4 water elementals
  7 air elementals
  13 small abominations
  21 culicivoras
  Sigmund (D:2)
  A vampire (D:11)
  10 spriggans
  4 humans (WizLab)
  9 wyverns
  56 yaks
  3 fire elementals (Elf:2)
  2 golden eyes (Slime:5)
  4 basilisks
  A ynoxinul (Abyss:3)
  4 wargs
  2 elves (WizLab)
  6 vampire mosquitoes
  2 steam dragons
  48 redbacks
  5 swamp worm simulacra (Swamp:4)
  A chaos spawn (Abyss:3)
  A redback (shapeshifter) (Elf:1)
  An iron golem (WizLab)
  2 swamp worms (shapeshifter)
  19 swamp worms
  2 harpy simulacra (IceCv)
  3 acid dragons
  4 hell hounds
  14 water moccasins
  16 hydra simulacra (Swamp:4)
  4 ice beasts
  26 orc warriors
  4 sky beasts
  2 human zombies (Vaults:1)
  2 laughing skulls (Abyss:3)
  3 swamp drakes
  7 ogres
  5 boggarts
  16 centaurs
  8 wolves
  2 kobold brigands
  13 bullfrogs
  An earth elemental (Elf:3)
  8 scorpions
  A cane toad simulacrum (IceCv)
  6 wights
  An elephant simulacrum (IceCv)
  10 killer bees
  9 howler monkeys
  3 electric eels (Elf:3)
  A lava snake (Elf:2)
  4 jellies
  2 hounds
  44 orc priests
  A bombardier beetle (D:7)
  2 gnoll boudas
  A sleepcap (D:6)
  4 iguanas
  Terence (D:2)
  An iguana (shapeshifter) (Elf:1)
  A hell rat (Lair:5)
  39 orc wizards
  A polar bear simulacrum (IceCv)
  A wolf simulacrum (IceCv)
  14 adders
  12 gnolls
  An adder (shapeshifter) (WizLab)
  2 white imps (D:6)
  3 ufetubi (D:6)
  3 swamp drake simulacra (Swamp:4)
  2 dart slugs
  2 ribbon worms
  An orc (shapeshifter) (Elf:1)
  71 orcs
  13 bats
  4 endoplasms
  3 giant cockroaches
  10 goblins
  5 hobgoblins
  27 kobolds
  7 quokkas
  10 ball pythons
  3 frilled lizards
  2 rats
  A lurking horror (Abyss:3)
  4 snaplasher vines
  3 starspawn tentacles (Abyss:3)
1870 creatures vanquished.

Vanquished Creatures (collateral kills)
  A deep elf master archer (Elf:3)
  A sphinx (Vaults:3)
  2 acid blobs (Slime:1)
  An ancient champion (Vaults:2)
  A fire giant (Vaults:3)
  2 deep elf elementalists (Elf:3)
  A rockslime (Slime:4)
  4 emperor scorpions
  4 vault wardens
  A ghost moth (Spider:4)
  3 ironbound preservers (Vaults:3)
  5 formless jellyfish
  2 deep elf death magi (Elf:3)
  A deep elf demonologist (Elf:3)
  2 deep elf annihilators (Elf:3)
  An ironbound thunderhulk (Vaults:1)
  8 war gargoyles (Vaults:3)
  A bunyip (shapeshifter) (D:15)
  A crystal guardian (Vaults:3)
  2 entropy weavers
  2 great orbs of eyes (Slime:5)
  2 deep elf high priests (Elf:3)
  2 peacekeepers (Vaults:3)
  A hydra (Swamp:1)
  2 radroaches (WizLab)
  2 jorogumos (Spider:2)
  A vault guard (Vaults:3)
  An ironbound frostheart (Vaults:1)
  6 centaur warriors
  A boulder beetle (Spider:3)
  9 dancing weapons
  A shock serpent (shapeshifter) (WizLab)
  2 demonic crawlers
  A thrashing horror (Abyss:3)
  2 deep elf knights (Elf:2)
  2 pharaoh ants
  4 deep trolls
  A wretched star (Abyss:3)
  A glowing orange brain (Vaults:3)
  2 phantasmal warriors
  4 ironbound convokers
  A steelbarb worm (shapeshifter) (WizLab)
  4 thermic dynamos (Elf:3)
  3 lightning spires (Elf:2)
  4 steelbarb worms
  2 deep elf pyromancers
  6 wolf spiders
  2 shining eyes
  An ugly thing (WizLab)
  A manticore (D:15)
  A deep elf zephyrmancer (Elf:3)
  An ice statue (IceCv)
  3 moths of wrath
  A vault sentinel (Vaults:3)
  An elephant (shapeshifter) (WizLab)
  3 torpor snails
  A water nymph (shapeshifter) (WizLab)
  2 nameless horrors (Elf:3)
  2 yaktaurs (Vaults:3)
  An ancient zyme (Abyss:3)
  2 bloated husks
  A glass eye (WizLab)
  3 tarantellas
  2 jumping spiders (Spider:4)
  11 slime creatures
  An air elemental (Elf:3)
  2 culicivoras (Spider:3)
  A wraith (Abyss:3)
  A water elemental (Elf:3)
  A neqoxec (Abyss:3)
  10 redbacks
  A swamp worm (Swamp:1)
  A laughing skull (Vaults:2)
  A boggart (Vaults:1)
  A snaplasher vine (Vaults:3)
172 creatures vanquished.

Vanquished Creatures (others)
  An ogre mage (Vaults:1)
  A skyshark (Vaults:1)
  2 bloated husks
  A water elemental (Elf:3)
  An orc warrior (Vaults:5)
  20 foxfires
  2 lurking horrors (Abyss:3)
  8 snaplasher vines
  7 starspawn tentacles (Abyss:3)
43 creatures vanquished.

Grand Total: 2085 creatures vanquished

Notes
Turn   | Place    | Note
-------+----------+-------------------------------------------
     0 | D:1      | Lysca the Merfolk Alchemist began the quest for the Orb.
     0 | D:1      | Reached XP level 1. HP: 13/13 MP: 3/3
   152 | D:1      | Reached skill level 1 in Conjurations
   221 | D:1      | Reached XP level 2. HP: 19/19 MP: 1/5
   657 | D:1      | Found a faded altar of an unknown god.
  1115 | D:2      | Noticed Terence
  1254 | D:2      | Reached XP level 3. HP: 17/24 MP: 1/6
  1451 | D:2      | Killed Terence
  1452 | D:2      | Reached skill level 5 in Alchemy
  1452 | D:2      | Reached XP level 4. HP: 13/30 MP: 0/8
  1460 | D:2      | Learned a level 4 spell: Olgreb's Toxic Radiance
  1801 | D:2      | Noticed an ogre
  2262 | D:2      | Killed an ogre
  2263 | D:2      | Reached XP level 5. HP: 35/35 MP: 1/10
  2486 | D:2      | Noticed Sigmund
  2513 | D:2      | Killed Sigmund
  2514 | D:2      | Reached XP level 6. HP: 37/41 MP: 4/12
  3181 | D:3      | Reached skill level 1 in Fighting
  3255 | D:3      | Reached XP level 7. HP: 46/49 MP: 1/13
  3713 | D:3      | Found an opulent altar of Gozag.
  3724 | D:3      | Found a burning altar of Makhleb.
  4653 | D:4      | Found a blossoming altar of Fedhas.
  4655 | D:4      | Found a snail-covered altar of Cheibriados.
  4655 | D:4      | Found a radiant altar of Vehumet.
  4656 | D:4      | Found an iron altar of Okawaru.
  4663 | D:4      | Found a staircase to the Ecumenical Temple.
  4666 | D:4      | Became a worshipper of Cheibriados the Contemplative
  5318 | D:5      | Entered Level 5 of the Dungeon
  6110 | D:5      | Found Vivoeq's Book Emporium.
  6110 | D:5      | Reached * piety under Cheibriados
  6127 | D:5      | Bought a Trismegistus Codex for 280 gold pieces
  6264 | D:5      | Reached XP level 8. HP: 53/60 MP: 5/14
  6367 | D:6      | Found a transporter.
  6373 | D:6      | Found a transporter.
  6373 | D:6      | Noticed a queen bee
  6374 | D:6      | Noticed Pokonic1's ghost (novice OnWr)
  6620 | D:6      | Reached skill level 10 in Alchemy
  6625 | D:6      | Learned a level 4 spell: Ignite Poison
  6628 | D:6      | Learned a level 2 spell: Mercury Vapours
  6633 | D:6      | Learned a level 4 spell: Sticky Flame
  6803 | D:6      | Reached skill level 5 in Fighting
  7094 | D:6      | Reached skill level 1 in Fire Magic
  7181 | D:6      | Reached ** piety under Cheibriados
  7437 | D:6      | Found the +11 Singing Sword {sonic wave}
  7565 | D:6      | Noticed a cyclops
  7569 | D:6      | Killed a cyclops
  7570 | D:6      | Reached skill level 1 in Air Magic
  7570 | D:6      | Reached XP level 9. HP: 23/68 MP: 6/15
  8080 | D:7      | Found a flagged portal.
  8110 | Bailey   | Entered a bailey
  8226 | Bailey   | Reached *** piety under Cheibriados
  8276 | Bailey   | Reached skill level 5 in Spellcasting
  8322 | Bailey   | Noticed an orc knight
  8399 | Bailey   | Killed an orc knight
  8519 | Bailey   | Found a large runed translucent door.
  8519 | Bailey   | Found a large runed translucent door.
  8520 | Bailey   | Noticed a deep elf pyromancer
  8615 | Bailey   | Killed a deep elf pyromancer
  8616 | Bailey   | Reached XP level 10. HP: 74/74 MP: 8/21
  8625 | Bailey   | Identified the amulet "Cawkaar" {Acrobat Str+3 Slay+4}
  8636 | Bailey   | Identified the +0 robe "Wyujoq" {Will- MP+9 Stlth+}
  8638 | Bailey   | Identified the +0 pair of gloves "Ruteym" {rElec rC+ Dex+2}
  8723 | D:7      | Found a runed translucent gate.
  8723 | D:7      | Found a runed translucent gate.
  8723 | D:7      | Found a runed translucent gate.
  8732 | D:7      | Noticed justen's ghost (novice MiFi)
  8734 | D:7      | Noticed a gargoyle
  9705 | D:8      | Reached skill level 1 in Long Blades
  9790 | D:8      | Reached **** piety under Cheibriados
  9882 | D:8      | Reached skill level 5 in Long Blades
 10551 | D:8      | Reached ***** piety under Cheibriados
 10663 | D:9      | Reached XP level 11. HP: 70/79 MP: 19/24
 10673 | D:9      | Found a staircase to the Orcish Mines.
 10821 | D:9      | Noticed a two-headed ogre
 10828 | D:9      | Killed a two-headed ogre
 11504 | D:10     | Entered Level 10 of the Dungeon
 11549 | D:10     | Noticed a skeletal warrior
 11555 | D:10     | Found a one-way gate to the infinite horrors of the Abyss.
 11555 | D:10     | Noticed DimondSprtn's ghost (journeyman CoHu)
 11555 | D:10     | Noticed a worldbinder
 11555 | D:10     | Noticed a cyan very ugly thing
 11557 | D:10     | Noticed an occultist
 11566 | D:10     | Reached skill level 10 in Spellcasting
 11566 | D:10     | Reached skill level 1 in Ice Magic
 11704 | D:10     | Found a shimmering altar of Xom.
 12029 | D:10     | Noticed a centaur warrior
 12036 | D:10     | Killed a centaur warrior
 12184 | D:10     | Found a transporter.
 12184 | D:10     | Noticed a thrashing horror
 12198 | D:10     | Found a transporter.
 12253 | D:10     | Noticed a two-headed ogre
 12258 | D:10     | Killed a two-headed ogre
 12459 | D:6      | Reached ****** piety under Cheibriados
 12460 | D:6      | Reached skill level 5 in Ice Magic
 12470 | D:6      | Killed Pokonic1's ghost
 12536 | D:5      | Bought the Catalogue of Skepticism for 420 gold pieces
 12543 | D:5      | Learned a level 6 spell: Eringya's Noxious Bog
 12605 | D:7      | Killed justen's ghost
 12606 | D:7      | Reached XP level 12. HP: 64/86 MP: 23/26
 12882 | D:11     | Reached skill level 5 in Invocations
 12892 | D:11     | Found a staircase to the Lair.
 13033 | D:11     | Noticed a two-headed ogre
 13039 | D:11     | Killed a two-headed ogre
 13624 | D:12     | Identified 2 scrolls of acquirement
 13626 | D:12     | Acquired the amulet "Voleg" {rF+ RegenMP+ Int+3 Slay+2}
 13688 | D:12     | Found a frozen archway.
 13700 | IceCv    | Entered an ice cave
 13711 | IceCv    | Found a transporter.
 13721 | IceCv    | Found a transporter.
 14693 | Lair:1   | Entered Level 1 of the Lair of Beasts
 14961 | Lair:1   | Reached XP level 13. HP: 91/91 MP: 27/27
 15028 | Lair:1   | Reached skill level 10 in Invocations
 15531 | Lair:1   | Identified the +5 falchion "Murmur" {antimagic, ^Fragile
                  | rElec rF+++ Dex-3}
 15560 | Lair:1   | Reached skill level 5 in Air Magic
 16167 | Lair:2   | Found a hole to the Spider Nest.
 16183 | Lair:2   | Found a staircase to the Swamp.
 16713 | Lair:2   | Learned a level 5 spell: Freezing Cloud
 17882 | Lair:3   | Found a sparkling altar of Nemelex Xobeh.
 18702 | Lair:4   | Reached XP level 14. HP: 84/98 MP: 28/28
 18703 | Lair:4   | Reached skill level 5 in Conjurations
 18767 | Lair:4   | Found a staircase to the Slime Pits.
 19316 | Slime:1  | Entered Level 1 of the Pits of Slime
 19316 | Slime:1  | Noticed an acid blob
 19316 | Slime:1  | Noticed an acid blob
 19345 | Lair:5   | Entered Level 5 of the Lair of Beasts
 19907 | Lair:5   | Reached skill level 10 in Long Blades
 20075 | Lair:5   | Found a burning altar of Makhleb.
 20118 | Lair:5   | Found a gateway to Hell.
 20397 | Lair:5   | Identified the +5 war axe "Puitsej" {drain, rF+ Dex+2}
 21100 | Orc:1    | Entered Level 1 of the Orcish Mines
 21186 | D:5      | Bought a manual of Armour for 800 gold pieces
 21343 | Orc:2    | Entered Level 2 of the Orcish Mines
 21347 | Orc:2    | Reached skill level 1 in Armour
 21347 | Orc:2    | Reached XP level 15. HP: 113/113 MP: 29/29
 21352 | Orc:2    | Found a staircase to the Elven Halls.
 21459 | Orc:2    | Found a bloodstained altar of Trog.
 21887 | Orc:2    | Found Azyit's General Store.
 21887 | Orc:2    | Found Oteghugen's Armour Shoppe.
 21888 | Orc:2    | Found Ysho's Weapon Emporium.
 21892 | Orc:2    | Found Omuret's Jewellery Emporium.
 22903 | Orc:1    | Found a runed translucent gate.
 22905 | Orc:1    | Found a runed translucent gate.
 22906 | Orc:1    | Found a runed translucent gate.
 22907 | Orc:1    | Noticed Heh's ghost (journeyman CoGl)
 23057 | Orc:1    | Found an iron altar of Okawaru.
 23083 | Orc:1    | Reached skill level 10 in Fighting
 23292 | Orc:1    | Killed Heh's ghost
 23343 | Orc:1    | HP: 4/100 [deep elf archer/arrow (20)]
 24122 | D:13     | Found a huge runed translucent gate.
 24122 | D:13     | Found a huge runed translucent gate.
 24122 | D:13     | Found a huge runed translucent gate.
 24122 | D:13     | Found a huge runed translucent gate.
 24122 | D:13     | Found a huge runed translucent gate.
 24122 | D:13     | Found a huge runed translucent gate.
 24122 | D:13     | Found a huge runed translucent gate.
 24122 | D:13     | Found a huge runed translucent gate.
 24122 | D:13     | Found a huge runed translucent gate.
 24123 | D:13     | Found a huge runed translucent gate.
 24123 | D:13     | Found a huge runed translucent gate.
 24123 | D:13     | Found a huge runed translucent gate.
 24123 | D:13     | Found a huge runed translucent gate.
 24123 | D:13     | Found a huge runed translucent gate.
 24147 | D:13     | Noticed Jorgrun
 24167 | D:13     | Found a huge runed translucent gate.
 24168 | D:13     | Found a huge runed translucent gate.
 24169 | D:13     | Found a huge runed translucent gate.
 24170 | D:13     | Found a huge runed translucent gate.
 24171 | D:13     | Found a huge runed translucent gate.
 24172 | D:13     | Found a huge runed translucent gate.
 24172 | D:13     | Found a huge runed translucent gate.
 24176 | D:13     | Found a huge runed translucent gate.
 24177 | D:13     | Found a huge runed translucent gate.
 24178 | D:13     | Found a huge runed translucent gate.
 24178 | D:13     | Found a huge runed translucent gate.
 24203 | D:13     | Killed Jorgrun
 24204 | D:13     | Reached skill level 5 in Armour
 24401 | D:13     | Found a gate to the Vaults.
 24509 | D:13     | Found a huge runed translucent gate.
 24510 | D:13     | Found a huge runed translucent gate.
 24511 | D:13     | Found a huge runed translucent gate.
 24512 | D:13     | Found a huge runed translucent gate.
 24513 | D:13     | Found a huge runed translucent gate.
 24530 | D:13     | Found a huge runed translucent gate.
 24532 | D:13     | Found a huge runed translucent gate.
 24533 | D:13     | Found a huge runed translucent gate.
 24534 | D:13     | Found a huge runed translucent gate.
 24534 | D:13     | Found a huge runed translucent gate.
 24538 | D:13     | Found a huge runed translucent gate.
 24726 | D:13     | Found Qiedias's CLEARANCE SALE!.
 24733 | D:13     | Bought a scroll of identify for 6 gold pieces
 24733 | D:13     | Bought a potion of might for 12 gold pieces
 24733 | D:13     | Bought a +0 robe for 2 gold pieces
 24733 | D:13     | Bought a +0 flail for 10 gold pieces
 24733 | D:13     | Bought 4 stones for 1 gold piece
 25024 | D:13     | Noticed sdfx's ghost (journeyman MDRe)
 25024 | D:13     | Noticed jejorda2's ghost (journeyman GnBe)
 25024 | D:13     | Noticed Vauhadiu's ghost (novice FoFi)
 25024 | D:13     | Noticed Kudolal's ghost (journeyman MiMo)
 25024 | D:13     | Noticed Haduh's ghost (journeyman FeSh)
 25024 | D:13     | Noticed Ithuta Obua's ghost (journeyman MiBe)
 25024 | D:13     | Noticed Dehoisae's ghost (journeyman CoHu)
 25025 | D:13     | Noticed a sphinx
 25042 | D:13     | Killed sdfx's ghost
 25053 | D:13     | Killed a sphinx
 25131 | D:13     | Killed Kudolal's ghost
 25149 | D:13     | Killed Ithuta Obua's ghost
 25249 | D:13     | Killed jejorda2's ghost
 25256 | D:13     | Identified the +3 spear "Maxak" {heavy, ^Contam rElec
                  | rF+++}
 25308 | D:14     | Found an opulent altar of Gozag.
 25323 | D:14     | Reached skill level 15 in Long Blades
 25323 | D:14     | Reached XP level 16. HP: 122/122 MP: 27/30
 25650 | D:14     | Found a hide-covered altar of Uskayaw.
 25744 | D:14     | Found the +15 Maxwell's patent armour {-Cast -Tele rElec
                  | Will+ rCorr}
 26046 | D:15     | Entered Level 15 of the Dungeon
 26072 | D:15     | Reached skill level 1 in Summonings
 26414 | D:15     | Learned a level 6 spell: Sculpt Simulacrum
 26821 | D:15     | Found a staircase to the Depths.
 27026 | D:15     | Noticed Roxanne
 27283 | D:13     | Killed Vauhadiu's ghost
 27357 | Spider:1 | Entered Level 1 of the Spider Nest
 27361 | Spider:1 | Reached skill level 5 in Summonings
 27787 | Spider:1 | Noticed Mlioglotl
 27920 | Spider:1 | Killed Mlioglotl
 28384 | Spider:2 | Noticed Asterion
 28399 | Spider:2 | Reached skill level 10 in Ice Magic
 28499 | Spider:2 | Noticed Arachne
 28509 | Spider:2 | Killed Arachne
 28510 | Spider:2 | Reached XP level 17. HP: 32/137 MP: 4/31
 28924 | Spider:2 | Killed Asterion
 29501 | Spider:3 | Reached skill level 10 in Summonings
 29556 | Spider:3 | Reached skill level 15 in Fighting
 29982 | Spider:4 | Entered Level 4 of the Spider Nest
 30372 | Spider:4 | Reached XP level 18. HP: 142/149 MP: 0/32
 30703 | Spider:4 | Got a gossamer rune of Zot
 31126 | Swamp:1  | Entered Level 1 of the Swamp
 31135 | Swamp:1  | Reached skill level 15 in Alchemy
 31537 | Swamp:1  | Learned a level 3 spell: Ozocubu's Armour
 32959 | Swamp:4  | Entered Level 4 of the Swamp
 33105 | Swamp:4  | Noticed Louise
 33112 | Swamp:4  | Reached skill level 15 in Summonings
 33116 | Swamp:4  | Killed Louise
 33245 | Swamp:4  | Reached XP level 19. HP: 155/155 MP: 21/33
 33803 | Swamp:4  | Identified the +1 robe of Failure {rElec}
 34086 | Swamp:4  | Got a decaying rune of Zot
 34254 | D:11     | Learned a level 5 spell: Alistair's Intoxication
 34365 | Elf:1    | Entered Level 1 of the Elven Halls
 34365 | Elf:1    | Found Gacogic's Magic Scroll Boutique.
 34679 | Elf:1    | Paralysed by an air elemental for 1 turns
 35047 | Elf:1    | Got the Secrets of the Zephyr
 35793 | Elf:2    | Got Cerebov's Handbook of Phlogiston
 36346 | Elf:2    | Noticed Saint Roka
 36380 | Elf:2    | Killed Saint Roka
 36387 | Elf:2    | Paralysed by an air elemental for 1 turns
 36607 | Elf:2    | Got Sif Muna's Essays on Support
 36882 | Elf:2    | Found a huge runed translucent gate.
 36882 | Elf:2    | Found a huge runed translucent gate.
 36882 | Elf:2    | Found a huge runed translucent gate.
 36882 | Elf:2    | Found a huge runed translucent gate.
 36882 | Elf:2    | Found a huge runed translucent gate.
 36971 | Elf:2    | Learned a level 5 spell: Summon Forest
 36976 | Elf:2    | Reached XP level 20. HP: 140/162 MP: 35/35
 37650 | Elf:2    | Got the Handbook of Astrapomancy
 37759 | Elf:3    | Entered Level 3 of the Elven Halls
 38254 | Abyss:3  | Cast into level 3 of the Abyss (a deep elf sorcerer)
 38422 | Abyss:3  | Found a corrupted altar of Lugonu.
 38613 | Elf:3    | Escaped the Abyss
 38624 | Elf:3    | HP: 8/162 [deep elf sorcerer/+0 long sword (6)]
 38677 | Elf:3    | HP: 6/162 [deep elf annihilator/iron shot (21)]
 38679 | Elf:3    | Identified the staff "Ihaqir" {rF+ MP+9 Fire}
 38872 | Elf:3    | Paralysed by an air elemental for 1 turns
 39065 | Elf:3    | Paralysed by an air elemental for 1 turns
 39230 | Elf:3    | Identified the +0 ring mail "Kuuzefy" {Rampage rC+ rCorr
                  | Dex-2}
 39289 | Elf:3    | Identified the +3 halberd "Vahiop" {protect, Str+2}
 39311 | Elf:3    | Identified the +4 long sword of the Assorted Violins {pain,
                  | rCorr SInv}
 39639 | D:11     | Learned a level 8 spell: Summon Horrible Things
 39938 | Elf:3    | Reached XP level 21. HP: 137/168 MP: 39/39
 40057 | Elf:3    | Got the Grimoire of the Septic Storm
 40142 | Elf:3    | Got the Incunable of Interference and Cryomancy
 40783 | Elf:3    | Got Zihal's Reference Book on Conflagrant Space
 41520 | Slime:1  | Reached skill level 15 in Spellcasting
 41678 | Slime:1  | You fall into a shaft and drop 1 floor!
 42673 | Slime:3  | Noticed Dissolution
 42684 | Slime:3  | Killed Dissolution
 44121 | Slime:5  | Entered Level 5 of the Pits of Slime
 44337 | Slime:5  | Paralysed by a formless jellyfish for 1 turns
 44423 | Slime:5  | Found a viscous altar of Jiyva.
 44448 | Slime:5  | Noticed the Royal Jelly
 44655 | Slime:5  | Killed the Royal Jelly
 44656 | Slime:5  | Reached XP level 22. HP: 142/184 MP: 21/43
 44745 | Slime:5  | Found the +3 pair of seven-league boots {Rampage+∞}
 44792 | Slime:5  | Got a slimy rune of Zot
 44804 | Slime:5  | Got the Encyclopedia of the Phantasmal Burn
 44824 | Slime:5  | Got Sif Muna's Grimoire of the Wyrd and the Fault
 44852 | Slime:5  | Identified the staff of Zumaom {rN+ Int+3 Summ Earth}
 44858 | Slime:5  | Identified the staff "Gabasa" {+Blink rElec Str-4 Conj Air}
 44899 | Slime:5  | Identified the +8 shortbow "Hures" {drain, rElec}
 46085 | Vaults:1 | Entered Level 1 of the Vaults
 46303 | Vaults:1 | Identified the +12 ice dragon scales of Articulation {rF-
                  | rC++ Int+6}
 46341 | Vaults:1 | Noticed Zenata
 46359 | Vaults:1 | Killed Zenata
 46632 | Vaults:1 | Found Irgheshri's Book Shop.
 46678 | Vaults:1 | Noticed Norris
 46688 | Vaults:1 | Killed Norris
 47456 | Vaults:2 | Reached skill level 1 in Shapeshifting
 47462 | Vaults:2 | Reached skill level 2 in Shapeshifting
 47599 | Vaults:2 | Reached skill level 3 in Shapeshifting
 47670 | Vaults:2 | Reached skill level 4 in Shapeshifting
 47711 | Vaults:2 | Found a staircase to the Crypt.
 47961 | Vaults:2 | Reached skill level 5 in Shapeshifting
 48126 | Vaults:2 | Paralysed by a sphinx for 3 turns
 48259 | Vaults:2 | Reached skill level 6 in Shapeshifting
 48435 | Vaults:2 | Reached XP level 23. HP: 163/190 MP: 45/46
 48438 | Vaults:2 | Reached skill level 7 in Shapeshifting
 48905 | Vaults:3 | Reached skill level 8 in Shapeshifting
 49062 | Vaults:3 | Noticed Mennas
 49150 | Vaults:3 | Reached skill level 9 in Shapeshifting
 49219 | Vaults:3 | Killed Mennas
 49603 | Vaults:3 | Reached skill level 10 in Shapeshifting
 49722 | Vaults:3 | Reached skill level 11 in Shapeshifting
 49825 | Vaults:3 | Reached skill level 12 in Shapeshifting
 50094 | Vaults:3 | Paralysed by a formless jellyfish for 1 turns
 50135 | Vaults:3 | Reached skill level 13 in Shapeshifting
 50597 | Vaults:4 | Found a magical portal.
 50641 | WizLab   | Entered Cigotuvi's Fleshworks
 50680 | WizLab   | Reached skill level 14 in Shapeshifting
 51282 | WizLab   | Reached skill level 15 in Shapeshifting
 51457 | WizLab   | Identified the ring of Nuhazim {Fly rC++}
 51493 | WizLab   | Reached XP level 24. HP: 197/197 MP: 47/47
 51695 | WizLab   | Reached skill level 16 in Shapeshifting
 52562 | D:15     | Killed Roxanne
 52809 | D:10     | Killed DimondSprtn's ghost
 52816 | Abyss:3  | Cast into level 3 of the Abyss (skeletal warrior)
 52923 | Abyss:3  | Reached skill level 17 in Shapeshifting
 53130 | D:10     | Escaped the Abyss
 53300 | D:13     | Killed Dehoisae's ghost
 53592 | Vaults:4 | Reached skill level 18 in Shapeshifting
 54021 | Vaults:4 | Reached skill level 19 in Shapeshifting
 54031 | Vaults:4 | Identified the ring "Temudef" {Fly rCorr Int+5 Dex+6}
 54597 | Vaults:5 | Entered Level 5 of the Vaults
 54601 | Vaults:5 | Reached skill level 20 in Shapeshifting
 54716 | Vaults:5 | Reached skill level 21 in Shapeshifting
 54743 | Vaults:5 | Noticed Bai Suzhen
 54749 | Vaults:5 | Killed Bai Suzhen
 54753 | Vaults:5 | Reached XP level 25. HP: 188/204 MP: 47/47
 54755 | Vaults:5 | Noticed Margery
 54760 | Vaults:5 | Noticed an ancient lich
 54763 | Vaults:5 | Identified the +9 battleaxe "Lazah" {spect, *Rage Fly rC+
                  | Int+2}
 54764 | Vaults:5 | Paralysed by a sphinx for 4 turns
 54766 | Vaults:5 | HP: 5/265 [war gargoyle/spray of metal splinters (22)]
 54767 | Vaults:5 | Demolished by a phantasmal warrior

Illustrated notes

Levels and vault maps discovered:
D:1:      psy_arrival_fountain, layout_basic,
          dreamdust_ecumenical_altar_hidden_monk_grotto
D:2:      layout_loops_ring, hangedman_feature_mirror, uniq_terence,
          uniq_sigmund
D:3:      layout_basic, mainiacjoe_overflow_big_doors, corner_web_ring
D:4:      layout_basic, chequers_temple_overflow_statue_of_worship,
          minmay_temple_entry_crystal_x, amethyst_killhole, chequers_jeans,
          minmay_misc_feat_doors
D:5:      kennysheep_kobold_camp, layout_loops_ring, serial_shops,
          nicolae_shop_just_a_little_nook
D:6:      old_forge, layout_basic, gammafunk_ghost_hive, st_stairs_4,
          nicolae_figureground_pulse
D:7:      minmay_flawed_box, layout_gridville, enter_bailey_5,
          gammafunk_ghost_split
D:8:      layout_basic
D:9:      layout_irregular_city, hiddenorc1_lemuel
D:10:     layout_irregular_city, mainiacjoe_overflow_alcove_4,
          gammafunk_ghost_abyssal_escape, kennysheep_boxes
D:11:     layout_grid_maze, hellmonk_lair_entry_icy, nzn_life_drinkers
D:12:     layout_roguey, portal_ice_cave_entry_pillars_2, kennysheep_flooded_box
D:13:     layout_irregular_city, erik_vaults_1, gammafunk_ghost_door_vault,
          nicolae_shop_clearance, uniq_jorgrun
D:14:     layout_loops_ring, nicolae_uskayaw_dance_hall,
          nicolae_gozag_seed_capital
D:15:     hangedman_depths_entry_try_elsewhere_first, layout_stronghold,
          uniq_roxanne
Lair:1:   minmay_lair_oklob_tunnel, layout_misc_corridors, grunt_megastairs_4,
          lemuel_fruit_tree
Lair:2:   layout_layer_cave, swamp_mist, spider_nest_entry_web_field
Lair:3:   wad_woods_tower, layout_layer_cave, basic_altar
Lair:4:   layout_regular_city, nicolae_slime_entry_field_trip
Lair:5:   evil_forest, layout_layer_cave, dreamdust_mushroom_princess,
          nicolae_lair_lindhole, grunt_megastairs_2
Swamp:1:  layout_basic_swamp, nicolae_swamp_orc_logging_accident,
          infiniplex_staircase_pool, nicolae_swamp_tree_isthmus,
          nicolae_swamp_decorative_isthmus
Swamp:2:  layout_basic_swamp, nicolae_swamp_rocky_clearing, swamp_pool_1_2,
          nicolae_swamp_long_stream
Swamp:3:  layout_basic_swamp, evilmike_swamp_ruin_house_3
Swamp:4:  swamp_icy, layout_basic_swamp, uniq_louise
Spider:1: spiders_nest_scorpion_pit, hangedman_spider_tarantella_strand,
          uniq_mlioglotl
Spider:2: nicolae_spider_hall_of_the_moth_king, drop_trap, uniq_asterion,
          uniq_arachne
Spider:3: layout_spider_delve
Spider:4: grunt_spider_rune_parallel
Slime:1:  layout_caves
Slime:2:  layout_caves
Slime:3:  layout_caves, nicolae_slime_ancient_tower_intersection,
          uniq_dissolution
Slime:4:  layout_caves, nicolae_slime_barrier,
          cheibrodos_slime_lost_civilization_5
Slime:5:  slime_pit
Orc:1:    layout_caves, gammafunk_ghost_fury_of_okawaru
Orc:2:    st_orc_mages, layout_caves, basic_altar, nicolae_orc_damp_corner
Elf:1:    layout_gridlike, serial_shops, nicolae_shop_crystal,
          nicolae_elf_shapeshifter_party
Elf:2:    elven_hall_of_blades_hangedman_alternative [nicolae_blade_bullseye],
          layout_loops_corners, serial_magic_research,
          hangedman_research_toxicology, hangedman_research_electronics,
          hangedman_research_pyrotechnics, hangedman_research_convocations,
          nicolae_concentric_dashed_squares_wild, uniq_saint_roka
Elf:3:    minmay_elf_hall_spiked, layout_geoelf_castle
Vaults:1: kennysheep_ogre_elephant_herders, nicolae_vaults_closet_pinwheel_3,
          vaults_room_corners, vaults_room_corners,
          nicolae_vaults_stepped_doors, v_misc_23,
          nicolae_vaults_little_squares_3, vaults_dpeg_diagonal,
          vaults_room_door_hall, hangedman_vaults_stitches,
          nicolae_vaults_little_squares_5, nicolae_vaults_diagonal_hallway_8,
          nicolae_vaults_swerve, nicolae_vaults_rhombus_5,
          layout_vaults_omnibox, serial_shops, shop_statue, uniq_norris,
          uniq_zenata
Vaults:2: nicolae_vaults_closet_pinwheel_3, hangedman_vaults_nodes,
          nicolae_vaults_wrenched, minmay_crypt_entry_simple_plaza,
          nicolae_vaults_diamond_2, v_misc_26, nicolae_vaults_little_squares_2,
          nicolae_vaults_wine_cellar, nicolae_vaults_double_plus_1,
          nicolae_vaults_house_1, nicolae_vaults_ring_of_whatevers,
          nicolae_vaults_trapezoid_1, nicolae_vaults_trapezoid_1,
          layout_vaults_big_room
Vaults:3: nicolae_vaults_alarming, nicolae_vaults_more_shelving_2,
          grunt_vaults_focal, gargoyle_guard, vaults_room_grid,
          nicolae_vaults_tangram_1, lightli_orcish_oven, ontoclasm_vaults_eye,
          vaults_mumra_minichess_inversion, nicolae_vaults_apartment_1,
          nicolae_vaults_mini_display_case, nicolae_vaults_little_squares_2,
          nicolae_vaults_prndl, layout_vaults_ring, uniq_mennas
Vaults:4: mu_enter_wizlab_1, dpeg_vaults_monster_box, nicolae_vaults_house_1,
          nicolae_vaults_heist, nicolae_vaults_trapezoid_2, v_misc_4,
          nicolae_vaults_crenellated_ambush, vaults_room_grunt_arrival_ludios,
          nicolae_vaults_apartment_1, nicolae_vaults_weapon_check,
          vaults_standard_mumra_x, ontoclasm_vaults_hangar,
          nicolae_vaults_tetromino_Z_2, layout_vaults_omnigrid
Vaults:5: uniq_margery, uniq_bai_suzhen

Skill      XL: |  1  2  3  4  5  6  7  8  9 10 11 12 13 14 15 16 17 18 19 20 21 22 23 24 |
---------------+-------------------------------------------------------------------------+-----
Conjurations   | 1 4 5 |  5.0
Spellcasting   | 3 4 7 9 10 11 14 17 19 20 | 20.0
Alchemy        | 5 6 7 8 9 11 12 14 16 | 16.0
Fighting       | 1 4 5 9 10 13 15 18 | 18.0
Fire Magic     | 4 |  4.0
Air Magic      | 1 3 4 6 |  6.0
Long Blades    | 7 8 11 15 16 | 16.0
Ice Magic      | 6 9 10 | 10.0
Invocations    | 4 9 12 14 | 14.0
Armour         | 1 7 |  7.0
Summonings     | 8 11 15 17 19 | 19.0
Shapeshifting  | 6 15 21 | 21.6
Dodging        | |  2.6
Stealth        | |  2.1

Action                     |  1- 3 |  4- 6 |  7- 9 | 10-12 | 13-15 | 16-18 | 19-21 | 22-24 | 25-27 || total
---------------------------+-------+-------+-------+-------+-------+-------+-------+-------+-------++-------
  Melee: Staff             |     7 |    15 |    10 |       |     5 |     9 |    16 |    10 |       ||    72
         Whip              |       |       |    23 |       |       |       |       |       |       ||    23
         Halberd           |       |       |     1 |       |       |       |       |       |       ||     1
         Double sword      |       |       |     3 |   122 |   157 |   134 |   171 |   539 |     5 ||  1131
         Tailslap          |       |       |       |     2 |     3 |     8 |     6 |    38 |       ||    57
         Unarmed           |       |       |       |       |       |       |       |    94 |       ||    94
         Punch             |       |       |       |       |       |       |       |     1 |       ||     1
         Bite              |       |       |       |       |       |       |       |    13 |       ||    13
   Cast: Sting             |    37 |    47 |    19 |     5 |    14 |    14 |    25 |     8 |       ||   169
         Olgreb's Toxic Ra |       |    16 |    64 |    62 |    97 |   125 |   117 |    73 |       ||   554
         Mercury Vapours   |       |       |     5 |    30 |    17 |    29 |    16 |     3 |       ||   100
         Ignite Poison     |       |       |     4 |    24 |    85 |   124 |   175 |    80 |       ||   492
         Sticky Flame      |       |       |     2 |    13 |    10 |    12 |    33 |     2 |       ||    72
         Eringya's Noxious |       |       |       |    11 |    60 |    84 |    63 |    39 |       ||   257
         Freezing Cloud    |       |       |       |       |    28 |    68 |    67 |    64 |       ||   227
         Sculpt Simulacrum |       |       |       |       |       |    39 |       |       |       ||    39
         Ozocubu's Armour  |       |       |       |       |       |    22 |    40 |    82 |     1 ||   145
         Alistair's Intoxi |       |       |       |       |       |       |    50 |    27 |       ||    77
         Summon Forest     |       |       |       |       |       |       |    26 |    11 |       ||    37
         Summon Horrible T |       |       |       |       |       |       |     4 |    21 |       ||    25
 Invoke: Bend Time         |       |       |       |     2 |       |     1 |     2 |     2 |       ||     7
         Slouch            |       |       |       |     1 |     3 |       |    17 |     2 |     1 ||    24
         Step From Time    |       |       |       |       |     7 |     3 |     6 |     1 |     2 ||    19
Ability: Breathe Fire      |       |       |       |       |       |       |       |     3 |       ||     3
  Evoke: Wand              |       |       |       |       |     2 |     1 |     4 |     9 |       ||    16
         Gell's gravitambo |       |       |       |       |     1 |     3 |     3 |     2 |       ||     9
         Phantom mirror    |       |       |       |       |       |     2 |     2 |       |       ||     4
    Use: Scroll            |       |       |     2 |    11 |     8 |    15 |    16 |     1 |     1 ||    54
         Potion            |       |       |       |       |     9 |     6 |    10 |     8 |     2 ||    35
   Stab: Distracted        |       |       |     1 |     1 |     1 |       |       |     6 |       ||     9
         Sleeping          |       |       |       |     1 |     1 |       |       |     3 |       ||     5
         Invisible         |       |       |       |       |       |     8 |       |       |       ||     8
         Confused          |       |       |       |       |       |       |     3 |     6 |       ||     9
 Armour: Robe              |    26 |    31 |    44 |    90 |    81 |       |       |       |       ||   272
         Leather armour    |       |       |       |       |    84 |       |       |       |       ||    84
         Troll leather arm |       |       |       |       |    68 |   390 |   563 |    43 |       ||  1064
         Skin              |       |       |       |       |       |       |     5 |   445 |    50 ||   500
         Ice dragon scales |       |       |       |       |       |       |       |   422 |       ||   422
  Dodge: Dodged            |    13 |    28 |    46 |   170 |   176 |   275 |   221 |   366 |    21 ||  1316
   Form: Dragon            |       |       |       |       |       |       |       |     4 |       ||     4
                           |       |       |       |       |       |       |       |     3 |       ||     3
         Statue            |       |       |       |       |       |       |       |     2 |       ||     2

Table legend: (Time is in decaauts)
 A = Elapsed time spent in this place.
 B = Non-inter-level travel time spent in this place.
 C = Inter-level travel time spent in this place.
 D = Time resting spent in this place.
 E = Time spent auto-exploring this place.
 F = Levels seen in this place.
 G = Mean time per level.
                   A        B        C        D        E       F      G
               +--------+--------+--------+--------+--------+-----+--------+
         Total |  87647 |  70610 |  17037 |   4276 |  42921 |  48 | 1826.0 |
       Dungeon |  27214 |  21470 |   5744 |    346 |  16858 |  15 | 1814.3 |
          Lair |  11828 |   9521 |   2307 |    572 |   7250 |   5 | 2365.6 |
         Swamp |   4750 |   3604 |   1146 |     94 |   2067 |   4 | 1187.5 |
   Spider Nest |   6029 |   4370 |   1659 |    154 |   2471 |   4 | 1507.2 |
    Slime Pits |   7857 |   6941 |    916 |    367 |   3176 |   5 | 1571.4 |
  Orcish Mines |   4552 |   3516 |   1036 |    539 |   2011 |   2 | 2276.0 |
   Elven Halls |   9836 |   7516 |   2320 |    882 |   3783 |   3 | 3278.7 |
        Vaults |  11211 |   9305 |   1906 |    844 |   4819 |   5 | 2242.2 |
         Abyss |   1266 |   1266 |      0 |      0 |    107 |   2 |  633.0 |
        Bailey |    718 |    718 |      0 |    234 |    192 |   1 |  718.0 |
      Ice Cave |    299 |    299 |      0 |    130 |      0 |   1 |  299.0 |
        Wizlab |   2084 |   2084 |      0 |    113 |    183 |   1 | 2084.0 |
               +--------+--------+--------+--------+--------+-----+--------+

Top non-repeatable levels by time:
   Elf:2: 3910 daAuts
   Elf:3: 3753 daAuts
Vaults:4: 3327 daAuts
Vaults:3: 3099 daAuts
   Orc:2: 2797 daAuts
    D:11: 2760 daAuts
    D:15: 2712 daAuts
  Lair:1: 2685 daAuts
     D:6: 2639 daAuts
  Lair:3: 2534 daAuts
  Lair:2: 2412 daAuts
Vaults:1: 2390 daAuts
     D:9: 2368 daAuts
  Lair:5: 2346 daAuts
   Elf:1: 2173 daAuts
